 Dungeon Crawl Stone Soup version 0.25.0-26-g0c896c7088 (webtiles) character file.

Game seed: 17414958847908281006

145 protoss039 the Magician (level 5, 0/28 HPs)
             Began as a Deep Elf Air Elementalist on July 3, 2020.
             Slain by an orc wizard
             ... wielding a +0 dagger
              (5 damage)
             ... on level 4 of the Dungeon.
             The game lasted 00:08:53 (3561 turns).

protoss039 the Magician (Deep Elf Air Elementalist) Turns: 3561, Time: 00:08:54

Health: 0/28       AC:  2    Str: 11    XL:     5   Next: 6%
Magic:  3/14       EV: 13    Int: 21    God:
Gold:   239        SH:  0    Dex: 15    Spells: 7/13 levels left

rFire    . . .     SeeInvis .   l - +0 short sword
rCold    . . .     Gourm    .   (no shield)
rNeg     . . .     Faith    .   a - +0 robe
rPois    .         Spirit   .   (no helmet)
rElec    .         Reflect  .   f - scarf {+Inv}
rCorr    .         Harm     .   (no gloves)
MR       .....                  (no boots)
Stlth    ++........             (no amulet)
HPRegen  0.09/turn              i - +6 ring of strength
MPRegen  0.14/turn              (no ring)

@: no status effects
A: no striking features
a: Evoke Invisibility


You were on level 4 of the Dungeon.
You were very hungry.

You visited 1 branch of the dungeon, and saw 4 of its levels.

You collected 239 gold pieces.

Inventory:

Hand Weapons
 l - a +0 short sword (weapon)
Armour
 a - a +0 robe (worn)
 f - a scarf of invisibility (worn)
Jewellery
 i - a +6 ring of strength (left hand)
Wands
 p - a wand of paralysis (8)
Scrolls
 d - 2 scrolls of amnesia
 h - a scroll of enchant armour {unknown}
 j - a scroll of random uselessness {unknown}
 n - a scroll of enchant weapon {unknown}
Potions
 b - 3 potions of curing {unknown}
 g - 2 potions of haste {unknown}
 k - a potion of heal wounds
 m - 2 potions of degeneration {unknown}
 o - a potion of stabbing
Comestibles
 c - 9 rations


   Skills:
 - Level 2.4 Dodging
 - Level 2.4 Stealth
 + Level 4.9 Spellcasting
 + Level 2.7 Conjurations
 + Level 4.2 Air Magic


You had 7 spell levels left.
You knew the following spells:

 Your Spells              Type           Power        Failure   Level  Hunger
a - Shock                 Conj/Air       ###.         2%          1    None
b - Swiftness             Chrm/Air       ##......     7%          2    None
c - Static Discharge      Conj/Air       ###.....     8%          3    ##.....

Your spell library contained the following spells:

 Spells                   Type           Power        Failure   Level  Hunger
 Airstrike                Air            ###.......   19%         4    ####...
 Lightning Bolt           Conj/Air       ###.......   56%         5    #####..


Dungeon Overview and Level Annotations

Branches:
Dungeon (4/15)
 Temple: D:4-7

Altars:
The Shining One


Message History

Unknown command.
The orc wizard mumbles some strange words.
The orc wizard seems to speed up.
The orc wizard casts a spell.
The orc wizard flickers and vanishes!
Deactivating autopickup; reactivate with Ctrl-A.
The orc priest looks satisfied for a moment.
You hear some strange, mumbled words.
A puff of frost appears from out of thin air!
The puff of frost misses you.
You hear some strange, mumbled words.
A puff of flame appears from out of thin air!
The puff of flame hits you! Something hits you.
You hear some strange, mumbled words.
A puff of flame appears from out of thin air!
The puff of flame hits you!
* * * LOW HITPOINT WARNING * * *
Something hits you.
You die...

........#.h....##.
##..........o#
#...........#
###.....####.##
#.......# #...###
#......##.####....##
....##.....##......#
...##....#.##h.##.##
........##(@{(..#...
. .####..#.######
.#.. #....<.# .# #
..............#
......###......
.#..## .###.. ....
.# . .## #


You could see a hound.

Vanquished Creatures
  A centaur skeleton (D:2)
  4 adders
  2 worms (D:2)
  A dart slug (D:2)
  A leopard gecko (D:3)
  8 orcs
  A ball python (D:4)
  5 bats
  5 giant cockroaches
  2 goblins (D:2)
  8 hobgoblins
  4 jackals
  7 kobolds
  A quokka (D:3)
  2 frilled lizards
  9 rats
61 creatures vanquished.

Notes
Turn   | Place    | Note
-------+----------+-------------------------------------------
     0 | D:1      | protoss039 the Deep Elf Air Elementalist began the quest
                  | for the Orb.
     0 | D:1      | Reached XP level 1. HP: 10/10 MP: 6/6
   442 | D:1      | Reached XP level 2. HP: 15/15 MP: 4/8
  1226 | D:2      | Learned a level 2 spell: Swiftness
  1277 | D:2      | Reached XP level 3. HP: 14/19 MP: 2/10
  1849 | D:2      | Reached XP level 4. HP: 24/24 MP: 7/12
  1967 | D:2      | Learned a level 3 spell: Static Discharge
  3267 | D:3      | Found a glowing golden altar of the Shining One.
  3327 | D:3      | Reached XP level 5. HP: 20/28 MP: 14/14
  3561 | D:4      | Slain by an orc wizard

Illustrated notes

Levels and vault maps discovered:
D:1:      erik_arrival_blinker_ship, layout_loops_corners, serial_bayou_lagoon_a
D:2:      layout_rooms, first_ration, minmay_between
D:3:      layout_loops_cross, serial_rivers, chequers_serial_rivers_micro_b,
          chequers_serial_rivers_micro_d, chequers_serial_rivers_micro_c,
          chequers_serial_rivers_marsh, tso_altar
D:4:      layout_cave_pools, minmay_temple_entry_drinking_statues

Skill      XL: |  1  2  3  4 |
---------------+-------------+-----
Spellcasting   | 4 |  4.9
Conjurations   | 2 |  2.7
Air Magic      | 4 |  4.2
Dodging        | |  2.4
Stealth        | |  2.4

Action                   |  1- 3 |  4- 6 || total
-------------------------+-------+-------++-------
Melee: Short sword       |       |    12 ||    12
 Cast: Shock             |    83 |    64 ||   147
       Static Discharge  |       |     5 ||     5
  Use: Scroll            |     3 |     2 ||     5
  Eat: Chunk             |     3 |     4 ||     7
Armor: Robe              |     3 |     2 ||     5
Dodge: Dodged            |    17 |    19 ||    36
